 Dungeon Crawl Stone Soup version 0.20.1-1-g8b1a95d (webtiles) character file.

33 slep the Magician (level 3, -4/27 HPs)
             Began as a Demonspawn Wanderer on Oct 22, 2017.
             Slain by a hobgoblin
             ... wielding a +0 club
             ... led by Robin
              (6 damage)
             ... on level 2 of the Dungeon.
             The game lasted 00:07:21 (1255 turns).

slep the Magician (Demonspawn Wanderer)             Turns: 1255, Time: 00:07:21

Health: -4/27      AC:  2    Str: 12    XL:     3   Next: 12%
Magic:  6/6        EV:  9    Int: 15    God:
Gold:   77         SH:  7    Dex: 16    Spells: 6/6 levels left

rFire    . . .     SeeInvis .   d - +0 dagger
rCold    . . .     Gourm    .   a - +0 shield
rNeg     . . .     Faith    .   c - +0 robe
rPois    .         Spirit   .   (helmet restricted)
rElec    .         Reflect  .   (no cloak)
rCorr    .         Harm     .   (no gloves)
MR       .....                  (no boots)
Stlth    ++........             (no amulet)
Regen    0.1/turn               (no ring)
MPRegen  0.1/turn               (no ring)

@: brilliant
A: horns 1, demonic guardian 1
a: no special abilities


You were on level 2 of the Dungeon.
You were not hungry.

You visited 1 branch of the dungeon, and saw 2 of its levels.

You collected 77 gold pieces.

Inventory:

Hand Weapons
 d - a +0 dagger (weapon)
Armour
 a - a +0 shield (worn)
 c - a +0 robe (worn)
Scrolls
 h - 2 scrolls of remove curse {unknown}
 j - a scroll of fog {unknown}
 k - a scroll of magic mapping {unknown}
 l - a scroll of fear {unknown}
 m - a scroll of identify {unknown}
Potions
 o - a potion of curing {unknown}
Books
 b - the Collected Works on Protection

   Spells                             Type                      Level
   a - Song of Slaying                Charms                       2
   b - Swiftness                      Charms/Air                   2
Comestibles
 f - a bread ration
 i - a meat ration
 n - 5 chunks of flesh


   Skills:
 + Level 2.2 Fighting
 + Level 0.6 Short Blades
 + Level 1.5 Dodging
 + Level 1.2 Stealth
 + Level 1.2 Shields
 + Level 2.4 Spellcasting
   Level 1.7 Fire Magic
   Level 1.0 Poison Magic


You had 6 spell levels left.
You didn't know any spells.

Dungeon Overview and Level Annotations

Branches:
Dungeon (2/15)

Altars:
The Shining One


Innate Abilities, Weirdness & Mutations

You have a pair of small horns on your head.
A weak demonic guardian rushes to your aid.


Message History

The kobold hits you.
* * * LOW HITPOINT WARNING * * *
You closely miss the kobold. Your headbutt misses the kobold.
The kobold is moderately wounded.
You block the kobold's attack.
You hit the kobold but do no damage.
The kobold is moderately wounded.
The kobold barely misses you.
You barely miss the kobold. You headbutt the kobold.
You kill the kobold!
You hit the hobgoblin but do no damage. You headbutt the hobgoblin.
The hobgoblin is heavily wounded.
The hobgoblin hits you with a club.
* * * LOW HITPOINT WARNING * * *
It was a potion of cancellation.
You feel magically purged.
The hobgoblin hits you but does no damage.
It was a potion of brilliance.
You feel clever all of a sudden. The hobgoblin hits you with a club.
You die...

#.#.............# #....
#.#.............#
#....#####.#.............#
#..............##'########
#.............##.#
#.............##.########
####.............##.........
........#.####...###########
........ggg@.....'.....>#
#####.#'######...#......#
#.........##...#......#
#.........##...########
#....g.gg.##...#
#......g..##...#
#....g....###### #.........#
#.........#####


You could see a hobgoblin and 2 goblins.

Vanquished Creatures
  A dart slug (D:1)
  2 bats
  A giant cockroach (D:2)
  3 hobgoblins (D:1)
  11 jackals
  6 kobolds
  2 frilled lizards (D:1)
  A rat (D:1)
27 creatures vanquished.

Notes
Turn   | Place    | Note
-------+----------+-------------------------------------------
     0 | D:1      | slep the Demonspawn Wanderer began the quest for the Orb.
     0 | D:1      | slep set off with: a +0 shield, the Collected Works on Protection, a +0 robe, a +0 dagger, a bread ration
     0 | D:1      | Reached XP level 1. HP: 16/16 MP: 3/3
   386 | D:1      | Gained mutation: A weak demonic guardian rushes to your aid. [demonic ancestry]
   386 | D:1      | Reached XP level 2. HP: 11/22 MP: 5/5
   744 | D:1      | Found a glowing golden altar of the Shining One.
   983 | D:1      | Identified the Collected Works on Protection
  1176 | D:2      | Gained mutation: You have a pair of small horns on your head. [demonic ancestry]
  1176 | D:2      | Reached XP level 3. HP: 7/27 MP: 6/6
  1255 | D:2      | Slain by a hobgoblin

Action                   || total
-------------------------++-------
Melee: Dagger            ||   172
       Headbutt          ||     4
  Use: Potion            ||     2
 Stab: Sleeping          ||     2
  Eat: Chunk             ||     1
Armor: Robe              ||    32
Dodge: Dodged            ||    75
Block: Shield            ||    67
